 Dungeon Crawl Stone Soup version 0.31-a0-574-g69dc8cc98e (webtiles) character file.

Game seed: 9775601904600805882

1568 thirtiethelement the Firebug (level 8, 0/60 HPs)
             Began as a Demonspawn Cinder Acolyte on Aug 19, 2023.
             Was a High Priest of Ignis.
             Slain by an orc warrior
             ... wielding a +0 short sword
              (5 damage)
             ... on level 6 of the Dungeon.
             The game lasted 00:14:28 (5905 turns).

thirtiethelement the Firebug (DsCA)                 Turns: 5905, Time: 00:14:29

Health: 0/60       AC: 29    Str: 12 (14) XL:     8   Next: 59%
Magic:  2/16       EV: 10    Int: 17 (18) God:    Ignis [*****.]
Gold:   278        SH:  9    Dex:  7 (9)  Spells: 16/18 levels left

rFire   + + .        a - -1 falchion (flame)
rCold   x . .        y - +2 buckler
rNeg    . . .        d - +0 leather armour
rPois   .            (no helmet)
rElec   .            x - +0 cloak
rCorr   .            (no gloves)
SInv    .            h - +0 pair of boots
Will    .....        i - amulet of the acrobat
Stlth   +            p - +4 ring of protection
HPRegen 0.30/turn    t - ring of fire
MPRegen 0.15/turn

%: acrobat
@: sanguine armoured, fiery-armoured
A: icemail 1, spiny 1, sanguine armour 2, condensation shield
a: Renounce Religion, Fiery Armour, Foxfire Swarm, Rising Flame


You were on level 6 of the Dungeon.
You worshipped Ignis.
Ignis was extremely pleased with you.
You visited 1 branch of the dungeon, and saw 6 of its levels.

You collected 278 gold pieces.

Inventory:

Hand Weapons
 a - a -1 falchion of flaming (weapon)
Armour
 d - a +0 leather armour (worn)
 h - a +0 pair of boots (worn)
 x - a +0 cloak (worn)
 y - a +2 buckler (worn)
Jewellery
 i - an amulet of the acrobat (around neck)
 p - a +4 ring of protection (left hand)
 t - a ring of fire (right hand)
Talismans
 B - a flux talisman
Wands
 r - a wand of iceblast (6)
Scrolls
 c - a scroll of silence {unknown}
 g - 2 scrolls of amnesia {unknown}
 j - 2 scrolls of enchant armour {unknown}
 m - 3 scrolls of noise {unknown}
 n - 3 scrolls of revelation {unknown}
 q - 3 scrolls of identify {unknown}
 s - a scroll of fog
 w - a scroll of poison {unknown}
 A - a scroll of vulnerability {unknown}
 C - a scroll of teleportation {unknown}
Potions
 b - a potion of might {unknown}
 e - a potion of invisibility {unknown}
 f - a potion of resistance {unknown}
 k - a potion of cancellation {unknown}
 l - 3 potions of degeneration
 o - a potion of mutation {unknown}
 u - a potion of attraction {unknown}
 v - 2 potions of curing {unknown}
 z - 2 potions of enlightenment {unknown}


   Skills:
 + Level 3.7 Fighting
 + Level 4.1 Long Blades
 + Level 2.2 Armour
 + Level 1.5 Dodging
 + Level 1.2 Stealth
 + Level 1.2 Shields
 + Level 5.9 Spellcasting
 + Level 6.4 Fire Magic


You had 16 spell levels left.
You knew the following spells:

 Your Spells              Type           Power      Damage    Failure   Level
a - Scorch                Fire           80%        2d8       2%          2

Your spell library contained the following spells:

 Spells                   Type           Power      Damage    Failure   Level
 Lesser Beckoning         Tloc           10%        N/A       36%         2
 Gell's Gravitas          Tloc           5%         N/A       58%         3
 Teleport Other           Tloc           5%         N/A       58%         3


Dungeon Overview and Level Annotations

Branches:
Dungeon (6/15)
 Temple: D:4-7

Altars:
Makhleb
Ru
Wu Jian

Shops:
D:5 *


Innate Abilities, Weirdness & Mutations

A meltable icy envelope protects you from harm. (AC +4)
You are partially covered in sharp spines.
When seriously injured, your blood forms thick armour. (AC +9)
A meltable shield of frost defends you. (SH +4)


Message History

You kill the centaur!
You block the gnoll's attack.
The orc warrior is struck by your spines.
The orc warrior hits you but does no damage.
The gnoll closely misses you.
Casting: Scorch (safe; 2% risk of failure)
Confirm with . or Enter, or press ? or * to list all spells.
You feel a surge of power!
Flames lash the gnoll.
You kill the gnoll!
You hear a bark!
You block the orc warrior's attack.
Casting: Scorch (safe; 2% risk of failure)
Confirm with . or Enter, or press ? or * to list all spells.
Okay, then.
You hit the orc warrior. You burn the orc warrior.
The orc warrior is heavily wounded.
The orc warrior hits you with a +0 short sword!
* * * LOW HITPOINT WARNING * * *
The orc warrior is burned by your cloak of flames.
The orc warrior is severely wounded.
You closely miss the orc warrior.
The orc warrior is severely wounded.
The orc warrior hits you but does no damage.
You block the orc warrior's attack.
You barely miss the orc warrior.
The orc warrior is severely wounded.
A hound comes into view.
You block the orc warrior's attack.
You completely miss the orc warrior.
The orc warrior is severely wounded.
You block the hound's attack.
The orc warrior hits you with a +0 short sword.
* * * LOW HITPOINT WARNING * * *
The hound misses you.
It was a potion of degeneration.
There was something very wrong with that liquid.
You feel weakened.
You feel dopey.
You feel clumsy. You block the hound's attack.
The orc warrior hits you with a +0 short sword.
You die...

#.# ## +....... +.. .# #.......
#)# c##### #####... #.# ...#.+
#.## #######.###.#+#.### #.#
.........o..#.....# #.#
######o##'##.§§..+..######.#
#.#####..o.#..g#..§..##.)......#
.........#+#..§#@#.#####[##.####
.#####.##...§§ho#.'...'.##..# .
#....###.§§#####...#####.# g
#.##.#.+...'.#.......#.'.# ..
#)##'#.#####.#+#...#'#.### ..
#)##.....#.....#...#.....####
.o###)##.....'.....##+##.....+...
..g#...#.....#.....# #.....###.
#'#...#'#.#####.#+# #+#.### #.


You could see an orc warrior and a hound.

Vanquished Creatures
  2 water moccasins
  The ghost of NerdlingAK the Conjurer, an amateur DECj (D:3)
  3 ogres
  3 centaurs
  A phantom (D:5)
  A bullfrog (D:6)
  A scorpion (D:3)
  A gnoll sergeant (D:6)
  A howler monkey (D:4)
  4 hounds
  A sleepcap (D:5)
  4 iguanas
  Robin (D:2)
  3 gnolls (D:6)
  4 adders
  A shadow imp (D:5)
  4 worms
  An adder simulacrum (D:3)
  5 dart slugs
  15 orcs
  13 endoplasms
  3 giant cockroaches
  12 goblins
  9 hobgoblins
  3 jackals (D:1)
  A quokka (D:3)
  7 ball pythons
  3 ball python simulacra (D:3)
  4 bats
  5 frilled lizards
  A jackal simulacrum (D:3)
  6 kobolds
  3 rats
127 creatures vanquished.

Vanquished Creatures (others)
  19 foxfires (D:3)
19 creatures vanquished.

Grand Total: 146 creatures vanquished

Notes
Turn   | Place    | Note
-------+----------+-------------------------------------------
     0 | D:1      | thirtiethelement the Demonspawn Cinder Acolyte began the
                  | quest for the Orb.
     0 | D:1      | Reached XP level 1. HP: 18/18 MP: 2/2
   188 | D:1      | Gained mutation: When seriously injured, your blood forms
                  | armour. (AC +9) [demonic ancestry]
   188 | D:1      | Reached XP level 2. HP: 24/24 MP: 3/3
   191 | D:1      | Learned a level 2 spell: Scorch
   763 | D:1      | Gained mutation: You are partially covered in sharp spines.
                  | [demonic ancestry]
   763 | D:1      | Reached XP level 3. HP: 29/29 MP: 1/4
  1444 | D:2      | Reached skill level 3 in Fire Magic
  1490 | D:2      | Noticed Robin
  1502 | D:2      | Killed Robin
  1503 | D:2      | Reached skill level 1 in Armour
  1810 | D:2      | Gained mutation: A meltable shield of frost defends you.
                  | (SH +4) [demonic ancestry]
  1810 | D:2      | Reached XP level 4. HP: 35/35 MP: 3/6
  2212 | D:3      | Noticed NerdlingAK's ghost (amateur DECj)
  2382 | D:3      | You fall into a shaft and drop 1 floor!
  2515 | D:3      | Reached XP level 5. HP: 41/41 MP: 1/8
  2736 | D:3      | Found a runed translucent gate.
  2737 | D:3      | Found a runed translucent gate.
  2738 | D:3      | Found a runed translucent gate.
  3098 | D:3      | Found a faded altar of an unknown god.
  3228 | D:3      | Found a sacrificial altar of Ru.
  3372 | D:3      | Killed NerdlingAK's ghost
  3373 | D:3      | Reached skill level 4 in Fire Magic
  3373 | D:3      | Gained mutation: When seriously injured, your blood forms
                  | thick armour. (AC +9) [demonic ancestry]
  3373 | D:3      | Reached XP level 6. HP: 47/47 MP: 3/10
  3579 | D:4      | Found a burning altar of Makhleb.
  4241 | D:5      | Entered Level 5 of the Dungeon
  4265 | D:5      | Reached skill level 5 in Fire Magic
  4265 | D:5      | Reached XP level 7. HP: 52/52 MP: 5/12
  4478 | D:5      | Found an ornate altar of the Wu Jian Council.
  4496 | D:5      | Reached skill level 1 in Dodging
  4784 | D:5      | Found Esuysu's Mass Market.
  4848 | D:5      | Reached skill level 1 in Stealth
  5513 | D:6      | Reached skill level 5 in Spellcasting
  5513 | D:6      | Gained mutation: A meltable icy envelope protects you from
                  | harm. (AC +4) [demonic ancestry]
  5513 | D:6      | Reached XP level 8. HP: 56/59 MP: 12/15
  5603 | D:6      | Reached skill level 6 in Fire Magic
  5862 | D:6      | Reached skill level 1 in Shields
  5905 | D:6      | Slain by an orc warrior

Illustrated notes

Levels and vault maps discovered:
D:1:      elethiomel_arrival_shortcut, layout_basic, grunt_decor_clamped
D:2:      layout_basic, uniq_robin
D:3:      layout_loops_ring, nicolae_ru_the_path_less_chosen,
          dilly_ecumenical_altar_fadedgnrine, gammafunk_ghost_icy
D:4:      layout_loops_ring, mainiacjoe_overflow_catwalk
D:5:      layout_basic, mainiacjoe_overflow_surrounded_room,
          nicolae_tso_swordbearing_angel, minivault_23, minmay_shop_mass
D:6:      nicolae_cairo_tiling_large, layout_basic,
          nicolae_houndstooth_variations

Skill      XL: |  1  2  3  4  5  6  7  8 |
---------------+-------------------------+-----
Long Blades    | 3 4 |  4.1
Fire Magic     | 3 4 5 6 |  6.4
Armour         | 1 2 |  2.2
Spellcasting   | 2 3 5 |  5.9
Dodging        | 1 |  1.5
Stealth        | 1 |  1.2
Shields        | 1 |  1.2
Fighting       | |  3.7

Action                     |  1- 3 |  4- 6 |  7- 9 || total
---------------------------+-------+-------+-------++-------
  Melee: Falchion          |    75 |    51 |    45 ||   171
   Cast: Scorch            |    18 |    49 |    47 ||   114
 Invoke: Foxfire Swarm     |       |     1 |       ||     1
         Fiery Armour      |       |       |     1 ||     1
    Use: Scroll            |       |       |     1 ||     1
         Potion            |       |       |     1 ||     1
 Armour: Leather armour    |    19 |    12 |    26 ||    57
  Dodge: Dodged            |    45 |    17 |    29 ||    91
  Block: Other             |       |     8 |     1 ||     9
         Buckler           |       |       |    26 ||    26

Table legend: (Time is in decaauts)
 A = Elapsed time spent in this place.
 B = Non-inter-level travel time spent in this place.
 C = Inter-level travel time spent in this place.
 D = Time resting spent in this place.
 E = Time spent auto-exploring this place.
 F = Levels seen in this place.
 G = Mean time per level.
                   A        B        C        D        E       F      G
               +--------+--------+--------+--------+--------+-----+--------+
         Total |   5925 |   5765 |    160 |      0 |   4982 |   6 |  987.5 |
       Dungeon |   5925 |   5765 |    160 |      0 |   4982 |   6 |  987.5 |
               +--------+--------+--------+--------+--------+-----+--------+

Top non-repeatable levels by time:
     D:1: 1318 daAuts
     D:5: 1267 daAuts
     D:3: 1209 daAuts
     D:4: 900 daAuts
     D:2: 828 daAuts
     D:6: 402 daAuts
